 Dungeon Crawl Stone Soup version 0.30.1-9-gdf580d7c3d (webtiles) character file.

Game seed: 17734220859309895735

55 Ivernyr the Shield-Bearer (level 4, 37/37 HPs)
             Began as a Formicid Fighter on Oct 7, 2023.
             Got out of the dungeon alive.
             The game lasted 00:03:00 (873 turns).

Ivernyr the Shield-Bearer (Formicid Fighter)         Turns: 873, Time: 00:03:01

Health: 37/37      AC:  8    Str: 22    XL:     4   Next: 14%
Magic:  4/4        EV:  9    Int:  8    God:
Gold:   46         SH:  5    Dex: 13    Spells: 3/3 levels left

rFire   . . .        a - +0 flail
rCold   . . .        c - +0 buckler
rNeg    . . .        b - +0 scale mail
rPois   .            (helmet unavailable)
rElec   .            f - +0 cloak
rCorr   .            (no gloves)
SInv    +            (no boots)
Will    .....        (no amulet) Stlth
                     (no ring)
HPRegen 0.26/turn    (no ring)
MPRegen 0.09/turn

%: no passive effects
@: no status effects
A: permanent stasis, dig shafts and tunnels, antennae 3, four strong arms
a: Dig, Shaft Self


You escaped.
You visited 1 branch of the dungeon, and saw 1 of its levels.

You collected 46 gold pieces.

Inventory:

Hand Weapons
 a - a +0 flail (weapon)
Armour
 b - a +0 scale mail (worn)
 c - a +0 buckler (worn)
 f - a +0 cloak (worn)
Scrolls
 g - a scroll of identify {unknown}
Potions
 d - a potion of might
 e - a potion of haste {unknown}
 h - a potion of flight {unknown}


   Skills:
 + Level 3.6 Fighting
 * Level 3.0 Maces & Flails
 + Level 3.8 Armour
 + Level 4.5 Shields


You had 3 spell levels left.
You didn't know any spells.
Your spell library was empty.

Dungeon Overview and Level Annotations

Branches:
Dungeon (1/15)

Altars:


Innate Abilities, Weirdness & Mutations

You cannot be hasted, slowed, berserked, paralysed or teleported.
You can dig through walls and to a lower floor.
You have a pair of large antennae on your head. (SInv)
Your four strong arms can wield two-handed weapons with a shield.


Message History

Found a stone staircase leading down.
Things that are here:
5 stones; a hobgoblin corpse
There is an open door here.
A hobgoblin is nearby!
A hobgoblin is nearby!
A hobgoblin is nearby!
The hobgoblin shouts!
The hobgoblin barely misses you.
You closely miss the hobgoblin.
The hobgoblin hits you but does no damage.
You hit the hobgoblin.
The hobgoblin is heavily wounded.
You block the hobgoblin's attack.
You sock the hobgoblin!
You kill the hobgoblin!
You see here 5 stones.
There is a staircase leading out of the dungeon here.
There is a large open door here.
There is a large open door here.
There is a large open door here.
There is a large open door here.
There is an open door here.
You see here a +0 club.
You see here a +0 dagger.
You see here a +0 dagger of speed.
Done exploring.
Done exploring.
(D) Dungeon
Where to? (? - help)
What level of the Dungeon? (default 1, ? - help)
You see here a +0 club.
You see here a +0 club.
You see here a +0 dagger.
You see here a +0 club.
There is an open door here.
You see here a +0 robe.
There is a staircase leading out of the dungeon here.
Are you sure you want to leave the Dungeon?
This will make you lose the game!
You have escaped!

..####..#####§≈≈≈§≈≈#####..######
.####.### #§≈≈..(..≈≈≈# ###.##
..##.## #...........# ##.# #
..##.# ######'###### #.####
..##)##### ####8'8#### ######.#..
..#.##...###.........###..≈##.#.#
..#.#....##.......|...##..≈≈#.#.#
..#.#....#............##(..≈#.#.#
....'..........[@.....8'(..≈+...#
..#.#....#....(.......'#...≈#.#.#
..#)#....##)..........##..§≈#.#..
..#.##...###.........###..≈##.###
..##.##### ###8#8'8### #####.##
..##.# ######'###### #.# ..##.##
#...........# ##.# ..###.###
#§≈§).§.§≈≈≈# ###.##
....##..#####≈§≈≈§§≈#####..##


There were no monsters in sight!

Vanquished Creatures
  A gnoll (D:1)
  6 ball pythons (D:1)
  2 bats (D:1)
  4 endoplasms (D:1)
  A giant cockroach (D:1)
  8 goblins (D:1)
  5 hobgoblins (D:1)
  3 jackals (D:1)
  A quokka (D:1)
  2 frilled lizards (D:1)
  2 kobolds (D:1)
  6 rats (D:1)
41 creatures vanquished.

Notes
Turn   | Place    | Note
-------+----------+-------------------------------------------
     0 | D:1      | Ivernyr the Formicid Fighter began the quest for the Orb.
     0 | D:1      | Reached XP level 1. HP: 18/18 MP: 1/1
    86 | D:1      | Reached XP level 2. HP: 21/24 MP: 2/2
   168 | D:1      | Reached XP level 3. HP: 26/29 MP: 3/3
   528 | D:1      | Found a faded altar of an unknown god.
   619 | D:1      | Reached XP level 4. HP: 36/36 MP: 4/4
   873 | D:$      | Got out of the dungeon alive.

Illustrated notes

Levels and vault maps discovered:
D:1:      dpeg_arrival_morbid_curiosity, layout_basic,
          hellmonk_ecumenical_altar_leap_of_faith

Skill      XL: |  1  2  3  4 |
---------------+-------------+-----
Maces & Flails | 3 |  3.0
Fighting       | |  3.6
Armour         | |  3.8
Shields        | |  4.5

Action                     |  1- 3 |  4- 6 || total
---------------------------+-------+-------++-------
  Melee: Flail             |   109 |    14 ||   123
 Armour: Scale mail        |    54 |     3 ||    57
  Dodge: Dodged            |    51 |     4 ||    55
  Block: Buckler           |    36 |     3 ||    39
